 Dungeon Crawl Stone Soup version 0.19.0-22-gd96e5fe (webtiles) character file.

191 MovingMist the Skirmisher (level 5, -9/33 HPs)
             Began as a Gargoyle Fighter on Nov 18, 2016.
             Mangled by Menkaure (18 damage)
             ... on level 4 of the Dungeon on Nov 19, 2016.
             The game lasted 00:11:51 (3210 turns).

MovingMist the Skirmisher (Gargoyle Fighter)        Turns: 3210, Time: 00:11:52

Health: -9/33      AC: 15    Str: 25    XL:     5   Next: 70%
Magic:  5/5        EV:  8    Int:  8    God:
Gold:   211        SH:  9    Dex: 10    Spells: 0 memorised, 4 levels left

rFire  . . .     SeeInvis .     a - +0 flail
rCold  . . .     Gourm    .     b - +0 scale mail
rNeg   + . .     Faith    .     c - +0 shield
rPois  ∞         Spirit   .     p - +0 helmet
rElec  +         Reflect  .     t - +0 cloak
rCorr  .         Harm     .     u - +0 pair of gloves (curse)
MR     .....                    w - +0 pair of boots
Stlth  ..........               (no amulet)
                                (no ring)
                                (no ring)

@: mighty
A: negative energy resistance 1, electricity resistance, unbreathing,
petrification resistance, rot immunity, AC +4
a: no special abilities


You were on level 4 of the Dungeon.
You were hungry.

You visited 1 branch of the dungeon, and saw 4 of its levels.

You collected 211 gold pieces.

Inventory:

Hand Weapons
 a - a +0 flail (weapon)
Armour
 b - a +0 scale mail (worn)
 c - a +0 shield (worn)
 p - a +0 helmet (worn)
 t - a +0 cloak (worn)
 u - a cursed +0 pair of gloves (worn)
 w - a +0 pair of boots (worn)
Wands
 o - a wand of disintegration (12/24)
Scrolls
 h - 4 scrolls of remove curse
 k - 3 scrolls of identify {unknown}
 r - 2 scrolls of magic mapping {unknown}
 s - a scroll of amnesia {unknown}
 v - a scroll of blinking {unknown}
Potions
 e - a potion of haste
 i - 3 potions of invisibility
 l - 2 potions of lignification {unknown}
 m - a potion of mutation {unknown}
 n - a potion of magic {unknown}
Comestibles
 f - 3 bread rations
 g - a royal jelly
 q - 2 meat rations


   Skills:
 + Level 4.2 Fighting
 + Level 3.2 Maces & Flails
 + Level 4.0 Armour
 * Level 2.5 Dodging
 - Level 3.2 Shields


You had 4 spell levels left.
You didn't know any spells.

Dungeon Overview and Level Annotations

Branches:
Dungeon (4/15)
 Temple: D:4-7

Altars:

Shops:
D:4 ?

Annotations:
D:4 Menkaure


Innate Abilities, Weirdness & Mutations

You are resistant to torment.
Your stone body is resilient. (AC +4)
You are immune to poison.
You resist negative energy. (rN+)
You are resistant to electric shocks. (rElec)
You can survive without breathing.
You are immune to petrification.
You are immune to rotting.


Message History

Your body is wracked with pain!
You see here a frilled lizard corpse.
It was a potion of heal wounds.
You feel much better. Menkaure barely misses you.
You feel very mighty all of a sudden.
Menkaure mumbles some strange words.
You hit Menkaure.
Menkaure is lightly damaged.
Menkaure hits you!!
Ouch! That really hurt!
* * * LOW HITPOINT WARNING * * *
Menkaure casts a spell.
You closely miss Menkaure.
Menkaure is lightly damaged.
Menkaure gestures wildly while chanting.
You thump Menkaure!
Menkaure is severely damaged.
Menkaure hits you!!
Ouch! That really hurt!
You die...

#####...# ##.......##...
####......## #........###..
###.........# #........# ##.
##...........# ##........## ##
###...........## #..........##
##.............# #<..........#
#.............#####..........##
#.............###............#
#............##.@M...........#
##...........#..#............##
.#.............#..............#
..#..........###..............#
#.(.........####...........#..###
#####.....### #............##.#.#
#......# ##...........###....
##..#..# #............# #....
#####.###...........## #....


You could see Menkaure.

Vanquished Creatures
  A bullfrog zombie (D:4)
  Natasha (D:4)
  Robin (D:4)
  2 adders (D:3)
  5 worms
  2 dart slugs
  A leopard gecko (D:1)
  5 orcs
  9 bats
  A giant cockroach (D:3)
  16 goblins
  12 hobgoblins
  6 kobolds
  A quokka (D:2)
  2 ball pythons (D:3)
  8 frilled lizards
  8 rats
81 creatures vanquished.

Notes
Turn   | Place    | Note
-------+----------+-------------------------------------------
     0 | D:1      | MovingMist the Gargoyle Fighter began the quest for the Orb.
     0 | D:1      | Reached XP level 1. HP: 14/14 MP: 1/1
   209 | D:1      | Reached XP level 2. HP: 17/19 MP: 2/2
   307 | D:1      | Reached skill level 1 in Dodging
   772 | D:1      | Reached XP level 3. HP: 23/23 MP: 3/3
  1546 | D:3      | Reached XP level 4. HP: 29/29 MP: 4/4
  2395 | D:4      | Noticed Robin
  2478 | D:4      | Found Vanlafeith's Magic Scroll Shoppe.
  2601 | D:4      | Reached XP level 5. HP: 32/33 MP: 5/5
  2653 | D:4      | Killed Robin
  2906 | D:4      | Noticed Natasha
  2930 | D:4      | Killed Natasha
  3170 | D:4      | Noticed Menkaure
  3210 | D:4      | Mangled by Menkaure

Skill      XL: |  1  2  3  4  5 |
---------------+----------------+-----
Dodging        | 1 2 |  2.5
Fighting       | 4 |  4.2
Maces & Flails | 3 |  3.2
Armour         | 4 |  4.0
Shields        | |  3.2

Action                   |  1- 3 |  4- 6 || total
-------------------------+-------+-------++-------
Melee: Flail             |   192 |   178 ||   370
  Use: Scroll            |       |     1 ||     1
       Potion            |       |     4 ||     4
  Eat: Chunk             |     3 |     5 ||     8
Armor: Scale mail        |   114 |    94 ||   208
Dodge: Dodged            |    77 |    54 ||   131
Block: Shield            |    95 |   105 ||   200
